 Dungeon Crawl Stone Soup version 0.22-a0-192-g6ffc940 (webtiles) character file.

35 4thArraOfDagon the Scratcher (level 3, -2/17 HPs)
             Began as a Felid Wanderer on Feb 16, 2018.
             Killed from afar by Terence (12 damage)
             ... with a wand of flame (29)
             ... on level 2 of the Dungeon.
             The game lasted 00:01:03 (209 turns).

4thArraOfDagon the Scratcher (Felid Wanderer)        Turns: 209, Time: 00:01:04

Health: -2/17      AC:  1    Str: 11    XL:     3   Next: 16%
Magic:  4/4        EV: 18    Int: 15    God:
Gold:   0          SH:  0    Dex: 15    Spells: 2/2 levels left
                                        Lives:  0   Deaths: 0

rFire    . . .     SeeInvis +     - Unarmed
rCold    . . .     Gourm    .   (shield unavailable)
rNeg     . . .     Faith    .   (armour unavailable)
rPois    .         Spirit   .   (helmet unavailable)
rElec    .         Reflect  .   (cloak unavailable)
rCorr    .         Harm     .   (gloves unavailable)
MR       .....                  (boots unavailable)
Stlth    +++.......             (no amulet)
HPRegen  0.05/turn              a - +4 ring of strength
MPRegen  0.09/turn              (no ring)

@: quick
A: very small, no armour, no weapons or thrown items, stealth, claws 1, fangs 3,
see invisible, carnivore, speed 1, shaggy fur 1, slow metabolism 1, sharp paws
a: no special abilities


You were on level 2 of the Dungeon.
You were not hungry.

You visited 1 branch of the dungeon, and saw 2 of its levels.

Inventory:

Jewellery
 a - a +4 ring of strength (left paw)
Scrolls
 c - a scroll of teleportation
 e - a scroll of identify {unknown}
 g - a scroll of immolation {unknown}
Potions
 b - a potion of haste
 d - a potion of curing
Comestibles
 f - a ration


   Skills:
 - Level 3.0 Fighting
 + Level 3.3 Dodging
 + Level 3.4 Stealth
 * Level 3.7 Unarmed Combat


You had 2 spell levels left.
You didn't know any spells.

Dungeon Overview and Level Annotations

Branches:
Dungeon (2/15)

Altars:

Annotations:
D:2 1 exclusion, Terence


Innate Abilities, Weirdness & Mutations

You cannot wear armour.
You are incapable of wielding weapons or throwing items.
Your paws allow you to move quietly. (Stealth)
You have sharp claws.
You have razor-sharp teeth.
You have supernaturally acute eyesight. (SInv)
You are carnivorous and can eat meat at any time.
You cover ground quickly.
You are covered in fur. (AC +1)
You have a slow metabolism.
Your sharp claws are effective at attacking unaware monsters.


Message History

The goblin is heavily wounded.
The goblin misses you.
You scratch the goblin.
You kill the goblin!
A bat comes into view.
Items here: ))) †††
Items here: ))) ††† The bat hits you but does no damage.
You scratch the bat.
The bat is severely wounded.
The bat barely misses you. The bat closely misses you. x2
You scratch the bat.
You kill the bat!
No target in view!
Terence the Incautious comes into view.
He is wielding a short sword.
Terence zaps a wand.
The puff of flame misses you.
It is a wand of flame (29).
Terence zaps a wand.
The puff of flame hits you!
Ouch! That really hurt!
You die...

.# ####.#
.#############..<.##
(#.................#
...##########......###
.### #..........# .#
#.#......#.# .#
#.##.....#.# .# #
#.#.### # .# #.#@# ##
#.#$# ..$.# %##.# ..
#.# .# @.. # #.# # #.#
#


You could see Terence.

Vanquished Creatures
  Natasha (D:2)
  A dart slug (D:2)
  2 bats (D:2)
  3 goblins
  A hobgoblin (D:2)
8 creatures vanquished.

Notes
Turn   | Place    | Note
-------+----------+-------------------------------------------
     0 | D:1      | 4thArraOfDagon the Felid Wanderer began the quest for the Orb.
     0 | D:1      | 4thArraOfDagon set off with: a potion of heal wounds, a potion of haste, a scroll of teleportation, a potion of curing, a ration
     0 | D:1      | Reached XP level 1. HP: 10/10 MP: 2/2
   134 | D:2      | Noticed Natasha
   141 | D:2      | Killed Natasha
   141 | D:2      | Reached XP level 2. HP: 14/14 MP: 3/3
   141 | D:2      | Reached XP level 3. HP: 17/17 MP: 4/4
   208 | D:2      | Noticed Terence
   209 | D:2      | Killed from afar by Terence

Vault maps used:
D:1:      onia_arrival_pentagram
D:2:      first_ration, uniq_terence, uniq_natasha

Skill      XL: |  1 |
---------------+----+-----
Dodging        | 3 |  3.3
Stealth        | 3 |  3.4
Fighting       | |  3.0
Unarmed Combat | |  3.7

Action                   || total
-------------------------++-------
Melee: Unarmed           ||    21
       Bite              ||     1
  Use: Potion            ||     1
 Stab: Sleeping          ||     2
Armor: Skin              ||     1
Dodge: Dodged            ||    15

Table legend:
 A = Spawn XP
 B = Non-spawn XP
 C = Spawn XP percentage of total XP
 D = Spawn monster count
 E = Non-spawn monster count
 F = Spawn count percentage of total count
 G = Total turns spent on level
                    A         B        C        D         E        F      G
               +---------+---------+-------+---------+---------+-------+---------
         Total |       0 |      50 |   0.0 |       0 |       8 |   0.0 |   209
               +---------+---------+-------+---------+---------+-------+---------
           D:1 |       0 |       2 |   0.0 |       0 |       1 |   0.0 |    23
           D:2 |       0 |      48 |   0.0 |       0 |       7 |   0.0 |   186
               +---------+---------+-------+---------+---------+-------+---------
